Map: Oxide LE

Players

Kelazhur

  • Race: Terran Terran

Cham - Winner!

  • Race: Zerg Zerg

Event: DreamHack SC2 Masters 2021 Fall

VOD

Have the link to the VOD?

Description

Time

  • Played on: Aug. 1, 2021, 4:28 p.m.
  • Length: 16:39

All games in this series

Show
View Real Time Build Order
Export as new Build Order

Kelazhur Terran 

Build Orders: Reaper Expand, Hellion Banshee 

Get SALT Encoding   

  12  0:00  SCV  
  13  0:12  SCV  
  14  0:16  Supply Depot  
  14  0:24  SCV  
  15  0:38  SCV  
  15  0:40  Barracks  
  16  0:43  Refinery  
  16  0:50  SCV  
  17  1:02  SCV  
  18  1:14  SCV  
  19  1:27  Reaper, Orbital Command  
  20  1:39  Command Center  
  20  1:48  Supply Depot  
  20  1:52  SCV  
  21  1:58  Marine  
  22  2:04  Factory  
  22  2:08  SCV  
  23  2:19  Refinery  
  23  2:20  SCV  
  24  2:23  Barracks Reactor  
  24  2:32  SCV  
  25  2:44  SCV  
  26  2:51  Orbital Command  
  26  2:54  Starport  
  26  2:56  SCV  
  27  3:02  Hellion x2  
  31  3:08  SCV  
  31  3:12  Barracks Tech Lab  
  32  3:17  SCV  
  33  3:20  SCV  
  33  3:24  Hellion x2  
  38  3:28  Supply Depot  
  38  3:29  SCV  
  38  3:32  SCV  
  40  3:36  Banshee, Cloaking Field  
  40  3:38  Barracks Tech Lab  
  43  3:41  SCV  
  43  3:46  SCV  
  45  3:50  Hellion x2  
  45  3:53  Supply Depot  
  45  3:54  SCV  
  50  3:58  SCV  
  51  4:06  SCV  
  52  4:10  SCV  
  52  4:13  Stimpack  
  53  4:20  Supply Depot, Command Center  
  53  4:21  SCV  
  53  4:23  SCV  
  55  4:26  Banshee  
  58  4:39  SCV  
  58  4:40  SCV  
  58  4:42  Marine, Barracks x2  
  58  4:45  Factory Reactor  
  61  4:46  Engineering Bay  
  61  4:52  Engineering Bay  
  61  4:56  SCV  
  61  4:57  SCV  
  61  5:01  Marine  
  62  5:08  SCV  
  62  5:09  SCV  
  62  5:10  Refinery  
  62  5:11  Refinery  
  64  5:17  Banshee  
  64  5:19  Marine  
  64  5:21  SCV  
  62  5:22  SCV  
  52  5:32  Marine  
  52  5:33  SCV  
  52  5:34  SCV  
  52  5:36  Marine x2  
  46  5:45  SCV  
  46  5:47  SCV  
  39  5:51  Marine  
  36  5:57  SCV  
  36  5:59  SCV  
  34  6:15  SCV x2  
  36  6:19  Orbital Command  
  36  6:27  SCV x2  
  38  6:33  Terran Infantry Weapons Level 1  
  38  6:36  Terran Infantry Armor Level 1  
  38  6:39  SCV x2  
  40  6:43  Marine x2  
  40  6:44  SCV  
  43  6:51  Marine x2, SCV x2  
  47  6:56  SCV  
  48  7:03  Marine x2, SCV x2  
  52  7:08  SCV  
  52  7:09  Marine  
  52  7:11  Marine  
  55  7:15  SCV x2  
  55  7:16  Factory Reactor  
  55  7:20  SCV  
  55  7:21  Marine  
  59  7:24  Starport Reactor  
  59  7:27  Marine x2, SCV  
  59  7:28  SCV  
  63  7:31  Marine  
  63  7:32  SCV  
  63  7:36  Supply Depot  
  65  7:38  Supply Depot  
  65  7:40  SCV x2  
  67  7:44  SCV  
  67  7:46  Supply Depot  
  68  7:52  SCV  
  68  7:53  Barracks Reactor, Combat Shield  
  68  7:57  Armory  
  68  7:58  Marine x2, SCV x2  
  73  8:01  Medivac  
  73  8:04  SCV  
  76  8:08  Medivac  
  76  8:10  Marine, Orbital Command  
  76  8:11  SCV  
  81  8:14  Supply Depot  
  81  8:16  Marine x2, SCV  
  81  8:17  Widow Mine x2  
  87  8:23  SCV  
  88  8:28  SCV  
  88  8:30  Supply Depot x2  
  89  8:35  SCV  
  89  8:36  SCV  
  89  8:38  Marine x2  
  89  8:39  Marine x3  
  96  8:42  Barracks  
  96  8:43  SCV  
  96  8:44  Barracks  
  96  8:45  Supply Depot  
  97  8:48  SCV  
  97  8:52  SCV  
  97  8:53  Terran Infantry Weapons Level 2  
  97  8:54  Terran Infantry Armor Level 2  
  99  8:56  Marine x2  
  101  9:03  SCV  
  101  9:04  Marine x3  
  105  9:14  Marine, SCV  
  107  9:18  Medivac x2  
  107  9:19  Marine  
  107  9:20  SCV  
  107  9:22  SCV  
  112  9:25  Supply Depot  
  112  9:26  Supply Depot, SCV  
  113  9:33  Marine, Marauder  
  113  9:35  Barracks Tech Lab, Siege Tank  
  113  9:37  SCV x2  
  121  9:38  SCV  
  121  9:41  Supply Depot  
  122  9:48  Marine x3  
  122  9:49  SCV  
  122  9:50  SCV  
  122  9:52  SCV, Supply Depot  
  128  9:54  Marauder  
  128  9:58  Marauder  
  132  10:01  SCV, Medivac x2  
  132  10:06  Marine  
  135  10:07  SCV  
  135  10:08  Siege Tank  
  135  10:09  Refinery, Marine  
  135  10:10  Marine x2, Refinery, Concussive Shells  
  135  10:13  SCV  
  143  10:16  Marauder  
  143  10:24  Marine  
  139  10:29  Marine  
  139  10:30  Marine  
  139  10:32  Medivac  
  141  10:39  Marauder  
  141  10:40  Command Center  
  141  10:41  Siege Tank  
  148  10:43  Marauder  
  148  10:44  Marine x2  
  148  10:47  Marine  
  148  10:48  Medivac  
  148  10:49  Marine  
  154  10:55  Marine x2  
  156  11:02  Marine  
  157  11:05  Supply Depot x3  
  157  11:08  Terran Vehicle Weapons Level 1  
  157  11:09  Marine  
  157  11:19  Supply Depot  
  157  11:20  Supply Depot  
  157  11:26  Marine x6, Medivac, Siege Tank, Terran Infantry Weapons Level 3  
  157  11:27  Marauder  
  157  11:29  Supply Depot x2  
  157  11:30  Supply Depot  
  170  11:44  Marauder  
  167  11:48  Marauder  
  167  11:53  Marine x6  
  166  12:00  Sensor Tower, Terran Infantry Armor Level 3  
  164  12:06  Marauder  
  166  12:09  Siege Tank, Marauder  
  166  12:11  Marine x2  
  166  12:12  SCV x3, Barracks  
  166  12:13  Barracks  
  166  12:14  Barracks  
  176  12:23  Marine x4  
  176  12:27  Marauder  
  176  12:28  Marine  
  183  12:31  Marauder  
  185  12:37  Missile Turret  
  185  12:44  Siege Tank  
  185  12:45  Planetary Fortress  
  185  12:47  Marine  
  185  12:49  Marauder  
  188  12:52  Marauder  
  187  13:00  Marine x3  
  187  13:01  Marine x2  
  187  13:02  Marine x3  
  195  13:10  Marauder  
  197  13:14  Marauder  
  197  13:18  Ghost Academy  
  199  13:22  Refinery  
  199  13:23  Refinery, Command Center  
  194  13:43  Marauder  
  194  13:44  Viking x2  
  192  13:49  Barracks Tech Lab x3  
  192  13:50  Marine  
  192  13:51  Siege Tank  
  190  13:58  Marauder  
  191  14:05  Marauder  
  191  14:09  Marauder  
  175  14:10  Marauder  
  175  14:11  Marine x5  
  175  14:14  Marine  
  175  14:15  Marauder  
  177  14:17  Orbital Command  
  177  14:19  Viking x2  
  177  14:20  Marauder  
  177  14:21  SCV  
  177  14:22  SCV  
  177  14:23  Siege Tank  
  186  14:31  Marauder  
  186  14:32  Marine x4  
  194  14:38  Marauder  
  194  14:41  SCV x2  
  196  14:48  Marauder  
  186  14:55  Viking x2, Siege Tank  
  186  14:59  Orbital Command  
  185  15:02  Marauder  
  185  15:05  Ghost  
  167  15:11  Ghost  
  165  15:20  Ghost  
  166  15:27  Siege Tank, Ghost  
  167  15:41  Ghost x2  
  143  15:44  SCV  
  118  15:53  Orbital Command  
  100  16:06  Medivac  
Show
View Real Time Build Order
Export as new Build Order

Cham Zerg - Winner!

Build Orders: Hatch First, Brood Lord Corruptor 

Get SALT Encoding   

  12  0:00  Drone  
  13  0:08  Drone  
  14  0:17  Overlord  
  14  0:35  Drone x2  
  16  0:48  Hatchery  
  15  0:52  Drone  
  15  0:55  Drone  
  17  0:59  Drone  
  18  1:16  Spawning Pool  
  18  1:17  Extractor  
  17  1:18  Drone  
  17  1:20  Drone  
  18  1:29  Drone  
  19  1:41  Drone  
  20  1:50  Drone  
  21  2:03  Queen x2  
  21  2:04  Zergling x4  
  27  2:11  Drone  
  28  2:20  Hatchery  
  27  2:23  Overlord  
  27  2:28  Drone  
  27  2:43  Drone  
  27  2:44  Drone x2  
  29  2:47  Metabolic Boost  
  29  2:49  Queen  
  29  2:51  Drone  
  32  2:54  Overlord  
  32  2:59  Overlord  
  32  3:02  Drone  
  33  3:07  Drone x2  
  35  3:18  Extractor  
  35  3:19  Roach Warren  
  33  3:23  Drone x3  
  33  3:24  Drone  
  37  3:31  Zergling x6  
  37  3:34  Overlord  
  40  3:51  Overlord  
  40  4:03  Roach x7  
  54  4:10  Zergling x2, Roach  
  54  4:14  Zergling x6  
  60  4:22  Zergling x4, Overlord  
  62  4:33  Zergling x6  
  62  4:36  Zergling x4  
  67  4:45  Zergling x2  
  68  4:46  Ravager x2  
  68  4:48  Zergling x6  
  68  4:50  Zergling x4  
  73  4:55  Ravager  
  70  5:00  Zergling x2  
  70  5:01  Spore Crawler  
  70  5:03  Spore Crawler  
  69  5:08  Ravager, Zergling x2  
  69  5:09  Zergling x6  
  69  5:10  Zergling x2  
  75  5:15  Zergling x2  
  75  5:20  Zergling x2  
  75  5:26  Zergling x2  
  70  5:32  Drone  
  70  5:33  Drone  
  70  5:34  Lair  
  70  5:35  Drone  
  68  5:42  Zergling x4  
  60  5:51  Drone  
  60  5:52  Drone x2  
  60  5:54  Drone  
  60  5:56  Drone  
  61  6:03  Drone  
  54  6:04  Drone  
  54  6:07  Drone  
  49  6:13  Queen x2, Drone  
  49  6:14  Spore Crawler, Drone  
  52  6:19  Drone  
  52  6:24  Spore Crawler, Drone  
  53  6:27  Drone  
  53  6:29  Drone  
  55  6:36  Drone x2  
  55  6:37  Glial Reconstitution  
  55  6:39  Overseer, Drone x3  
  60  6:41  Drone x3  
  60  6:42  Drone  
  63  6:57  Evolution Chamber, Roach x2  
  63  6:58  Evolution Chamber  
  63  7:03  Drone, Roach x3  
  63  7:04  Drone  
  63  7:05  Drone  
  63  7:08  Drone x2, Roach  
  76  7:11  Drone  
  76  7:12  Drone  
  78  7:17  Drone  
  78  7:20  Extractor  
  78  7:21  Extractor, Overlord  
  76  7:23  Extractor x2  
  76  7:26  Zerg Ground Armor Level 1, Drone, Zerg Missile Weapons Level 1  
  76  7:27  Drone  
  74  7:32  Drone x3  
  74  7:33  Drone  
  74  7:35  Drone  
  74  7:36  Drone x2  
  81  7:38  Drone  
  81  7:41  Drone x2  
  81  7:42  Drone  
  85  7:44  Drone  
  84  7:55  Drone x2  
  84  7:56  Drone x2  
  88  8:01  Overlord  
  88  8:02  Roach  
  90  8:06  Overlord  
  90  8:10  Infestation Pit  
  90  8:11  Drone  
  90  8:13  Overlord  
  90  8:18  Hatchery, Overlord  
  89  8:25  Overlord  
  89  8:28  Overlord  
  89  8:31  Drone x2  
  91  8:36  Roach x8  
  91  8:40  Overlord  
  107  8:42  Drone x3  
  107  8:43  Drone  
  107  8:47  Roach  
  113  8:49  Overlord  
  113  8:52  Roach  
  115  8:58  Drone x2  
  115  8:59  Drone x2  
  119  9:03  Extractor x2  
  119  9:04  Overlord  
  119  9:06  Roach x2  
  119  9:08  Roach x2  
  125  9:15  Roach x3  
  125  9:16  Roach  
  132  9:23  Roach  
  136  9:24  Roach x3  
  136  9:25  Roach  
  136  9:30  Hive  
  142  9:32  Zerg Missile Weapons Level 2  
  142  9:37  Zerg Ground Armor Level 2  
  142  9:39  Infestor  
  142  9:42  Infestor  
  146  9:45  Drone  
  146  9:46  Drone  
  146  9:47  Spore Crawler  
  146  9:49  Spore Crawler  
  146  9:53  Spore Crawler  
  146  9:54  Roach x2  
  146  9:56  Ravager x4  
  146  9:57  Ravager x2  
  149  10:08  Ravager x2  
  149  10:09  Overlord  
  149  10:12  Overlord  
  151  10:19  Roach x5  
  154  10:37  Roach  
  154  10:38  Roach, Pneumatized Carapace  
  158  10:50  Spire  
  158  10:52  Roach x4  
  158  10:53  Roach x2  
  169  11:01  Ravager  
  169  11:02  Ravager  
  171  11:10  Ravager  
  172  11:23  Overlord x4, Roach x2  
  176  11:26  Overlord  
  176  11:27  Overlord  
  174  11:47  Drone x3  
  170  11:52  Roach x9  
  170  11:53  Roach Warren  
  188  12:03  Overlord  
  188  12:06  Zerg Ground Armor Level 3, Zerg Missile Weapons Level 3, Greater Spire  
  188  12:20  Corruptor  
  188  12:21  Corruptor x5  
  196  13:00  Corruptor x2  
  200  13:14  Hatchery  
  199  13:33  Spore Crawler x2  
  193  13:36  Brood Lord x4  
  199  13:45  Brood Lord x4  
  200  13:51  Overlord  
  200  14:06  Hatchery  
  185  14:15  Corruptor  
  185  14:16  Corruptor x9  
  191  14:17  Infestor x2  
  191  14:19  Drone x4  
  195  14:38  Corruptor x2  
  199  14:49  Hatchery  
  186  14:55  Roach  
  186  14:56  Roach x10  
  187  15:14  Roach x6  
  187  15:18  Roach  
  199  15:33  Roach  
  195  15:44  Roach x2  
  186  15:50  Roach x2  
  186  15:51  Roach x4  
  186  15:52  Roach x3  
  186  15:54  Roach  
  186  15:55  Roach  
  195  15:57  Ravager  
  195  15:59  Ravager  
  195  16:00  Roach  
  197  16:17  Ravager, Roach  

Tags
 
Add a new tag
Caveats
  • Supply blocks, unpowered buildings, or Contaminate may cause inaccurate times.
  • Supply counts are checked every 10 seconds.